cohdb
Replays
Latest Replays
All Replays
Popular Replays
Top Player Replays
Match Explorer
How It Works
Community
CoH3 Stats
Reddit
Sign in to upload your games and track your stats! →
Sign in with Steam
Match 43889527
Unlisted
Match 43889527
Overview
Messages
Build Orders
End
Vickers Machine Gun Team
Construct Section Command Post
Dingo Light Scout Car
Selects Air and Sea Battlegroup
Infantry Section
Infantry Section
Construct Platoon Command Post
Humber Armored Car
Selects Supply Surplus
Construct Field Infirmary
Construct Resource Cache
Forward Retreat Point
Infantry Training
Construct Company Command Post
Unlock M3 Grant Medium Tanks
我真的不是驴
Jeremy
JT
冲锋大哥
WilllTHENOOBz
Mansonfreakss
Jerome Powell
General Rommel
0
0
Comments
sign in to comment!
No comments posted yet!